 Dungeon Crawl Stone Soup version 0.31.0-32-g396128a36d (webtiles) character file.

Game seed: 5470281475030380287

262626 rikstar the Warrior (level 19, -7/135 HPs)
             Began as a Gargoyle Fighter on Apr 3, 2024.
             Was the Champion of Cheibriados.
             Mangled by a fire elemental (9 damage)
             ... summoned by a deep elf pyromancer
             ... on level 1 of the Elven Halls on Apr 12, 2024.
             The game lasted 03:10:07 (50703 turns).

rikstar the Warrior (Gargoyle Fighter)             Turns: 50703, Time: 03:10:08

Health: -7/135     AC: 39    Str: 43    XL:     19   Next: 99%
Magic:  0/29       EV: 20    Int: 24    God:    Cheibriados [******]
Gold:   3637       SH: 22    Dex: 30    Spells: 18/18 levels left

rFire   . . .        X - +10 morningstar "Eos" {elec, Halo rElec}
rCold   + . .        Y - +0 tower shield
rNeg    + . .        g - +2 plate armour {Will+}
rPois   ∞            I - +1 helmet
rElec   +            N - scarf {repulsion}
rCorr   .            x - +0 pair of gloves
SInv    .            E - +0 pair of boots
Will    +++..        C - amulet of guardian spirit Stlth
                     j - ring "Zexungup" {rElec rC+ Will+ Stlth-}
HPRegen 0.42/turn    R - +6 ring of dexterity
MPRegen 0.21/turn

%: repel missiles, guardian spirit
@: flying, glowing, very slow
A: sickness immunity, AC +14, big wings, negative energy resistance 1,
electricity resistance, torment resistance 1, petrification resistance
}: 2/15 runes: serpentine, barnacled
a: Renounce Religion, Bend Time, Temporal Distortion, Slouch, Step From Time


You were on level 1 of the Elven Halls.
You worshipped Cheibriados.
Cheibriados was exalted by your worship.
You visited 7 branches of the dungeon, and saw 32 of its levels.
You visited 1 bazaar.

You collected 5249 gold pieces.
You spent 1612 gold pieces at shops.

Inventory:

Hand Weapons
 K - a +1 scimitar of flaming
 X - the +10 morningstar "Eos" (weapon) {elec, Halo rElec}
   (You found it on level 13 of the Dungeon)

   Halo:      It grants its wielder a halo, revealing invisible creatures and
   increasing accuracy against all within it other than the wielder.
   rElec:     It insulates you from electricity.
Missiles
 l - 3 throwing nets
 B - 3 javelins
 G - 3 curare-tipped darts
Armour
 g - a +2 plate armour of willpower (worn)
 x - a +0 pair of gloves (worn)
 E - a +0 pair of boots (worn)
 I - a +1 helmet (worn)
 N - a scarf of repulsion (worn)
 Y - a +0 tower shield (worn)
Jewellery
 j - the ring "Zexungup" (left hand) {rElec rC+ Will+ Stlth-}
   (You found it on level 2 of the Snake Pit)

   [ring of protection from cold]

   rC+:       It protects you from cold.
   rElec:     It insulates you from electricity.
   Will+:     It increases your willpower.
   Stlth-:    It makes you less stealthy.
 v - a ring of protection from fire
 C - an amulet of guardian spirit (around neck)
 R - a +6 ring of dexterity (right hand)
Wands
 d - a wand of digging (12)
 p - a wand of polymorph (12)
 s - a wand of charming (28)
 t - a wand of roots (29)
 F - a wand of mindburst (6)
 J - a wand of acid (8)
Scrolls
 a - 4 scrolls of blinking
 b - 8 scrolls of enchant armour
 c - 8 scrolls of identify
 h - 4 scrolls of fog
 k - a scroll of summoning
 n - 6 scrolls of vulnerability
 r - 10 scrolls of immolation
 y - 5 scrolls of teleportation
 z - 3 scrolls of brand weapon
 D - 4 scrolls of torment
 M - 4 scrolls of revelation
 O - a scroll of fear
 S - 3 scrolls of poison
 U - 4 scrolls of enchant weapon
Potions
 e - 4 potions of brilliance
 f - 8 potions of curing
 i - 4 potions of enlightenment
 m - 4 potions of resistance
 o - 4 potions of mutation
 q - 10 potions of attraction
 u - 2 potions of invisibility
 A - 4 potions of lignification
 L - a potion of cancellation
 P - 4 potions of might
 T - 3 potions of ambrosia
Miscellaneous
 w - a phantom mirror
 Q - a phial of floods
 V - a lightning rod (4/4)
 W - a sack of spiders
 Z - a tin of tremorstones (2/2)


   Skills:
 - Level 20.0 Fighting
 + Level 17.8 Maces & Flails
 - Level 16.0 Armour
 - Level 12.0 Dodging
 - Level 12.0 Shields
 - Level 14.0 Invocations


You had 18 spell levels left.
You didn't know any spells.
Your spell library contained the following spells:

 Spells                   Type           Power      Damage    Failure   Level
 Kiss of Death            Conj/Necr      0%         2d5       67%         1
 Necrotise                Necr           0%         1d4       67%         1
 Sandblast                Erth           0%         2d4       67%         1
 Ensorcelled Hibernation  Hex/Ice        0%         N/A       80%         2
 Scorch                   Fire           0%         2d5       80%         2
 Confusing Touch          Hex            0%         N/A       95%         3
 Fugue of the Fallen      Necr           0%         N/A       95%         3
 Gell's Gravitas          Tloc           0%         N/A       95%         3
 Hailstorm                Conj/Ice       0%         3d5       95%         3
 Inner Flame              Hex/Fire       0%         N/A       95%         3
 Summon Ice Beast         Ice/Summ       0%         N/A       95%         3
 Teleport Other           Tloc           0%         N/A       95%         3
 Tukima's Dance           Hex            0%         N/A       95%         3
 Vampiric Draining        Necr           0%         2d6       95%         3
 Volatile Blastmotes      Fire/Tloc      0%         2d10      95%         3
 Anguish                  Hex/Necr       0%         N/A       100%        4
 Animate Armour           Summ/Erth      0%         N/A       100%        4
 Animate Dead             Necr           0%         N/A       100%        4
 Cause Fear               Hex            0%         N/A       100%        4
 Dispel Undead            Necr           0%         3d6       100%        4
 Flame Wave               Conj/Fire      0%         2d4       100%        4
 Fulminant Prism          Conj/Alch      0%         3d5       100%        4
 Iskenderun's Mystic Bla  Conj/Tloc      0%         2d3       100%        4
 Martyr's Knell           Necr/Summ      0%         N/A       100%        4
 Olgreb's Toxic Radiance  Alch           0%         N/A       100%        4
 Passage of Golubria      Tloc           0%         N/A       100%        4
 Petrify                  Alch/Erth      0%         N/A       100%        4
 Sticky Flame             Fire/Alch      0%         2d4       100%        4
 Curse of Agony           Necr           0%         N/A       100%        5
 Fireball                 Conj/Fire      0%         3d3       100%        5
 Summon Forest            Summ/Tloc      0%         N/A       100%        5
 Yara's Violent Unravell  Hex/Alch       0%         3d3       100%        5
 Death Channel            Necr           0%         N/A       100%        6
 Dispersal                Tloc           0%         N/A       100%        6
 Eringya's Noxious Bog    Alch           0%         4d6       100%        6
 Sculpt Simulacrum        Ice/Alch       0%         N/A       100%        6
 Summon Cactus Giant      Summ           0%         N/A       100%        6
 Haunt                    Necr/Summ      0%         N/A       100%        7
 Ozocubu's Refrigeration  Ice            0%         4d7       100%        7
 Summon Hydra             Summ           0%         N/A       100%        7
 Discord                  Hex            0%         N/A       100%        8
 Infestation              Necr           0%         N/A       100%        8
 Dragon's Call            Summ           0%         N/A       100%        9
 Shatter                  Erth           0%         3d5*      100%        9
 Cigotuvi's Dreadful Rot  Necr/Alch/Air  Unusable   N/A       N/A         2

Dungeon Overview and Level Annotations

Branches:
Dungeon (15/15)            Temple (1/1) D:5            Lair (5/5) D:11
 Shoals (4/4) Lair:2        Snake (4/4) Lair:3        Slime (0/5) Lair:5
    Orc (2/2) D:9             Elf (1/3) Orc:2        Vaults (0/5) D:13
 Depths (0/4) D:15

Altars:
Ashenzari
Cheibriados
Dithmenos
Elyvilon
Fedhas
Gozag
Hepliaklqana
Kikubaaqudgha
Makhleb
Nemelex Xobeh
Okawaru
Qazlal
Ru
Sif Muna
Trog
Uskayaw
Vehumet
Wu Jian
Xom
Yredelemnul
Zin
The Shining One
Jiyva

Shops:
D:10 (   D:12 ?(((   Orc:2 :*[(


Innate Abilities, Weirdness & Mutations

You are immune to sickness and miasma.
Your stone body is resilient. (AC +14)
You are immune to poison.
Your large and strong wings let you fly.
You resist negative energy. (rN+)
You are resistant to electric shocks. (rElec)
You are resistant to unholy torment.
You are immune to petrification.


Message History

You block the Executioner's attack. You block the fire elemental's attack.
You block the Executioner's attack.
The Executioner hits you but does no damage. x2
You spit the Executioner like a pig!!!
You kill the Executioner!
The Executioner disappears in a puff of smoke!
The fire elemental completely misses you.
You block the fire elemental's attack.
The deep elf pyromancer casts a spell.
The deep elf pyromancer blinks!
The fire elemental barely misses you.
The deep elf pyromancer gestures wildly while chanting.
The fire elemental completely misses you.
You block the fire elemental's attack.
The deep elf high priest is no longer giving off an aura.
The fire elemental hits you. x2; You block the fire elemental's attack.
The deep elf high priest is engulfed in blazing flames.
The fire elemental completely misses you.
You block the fire elemental's attack. The fire elemental hits you.
* * * LOW HITPOINT WARNING * * *
The fire elemental burns you!
* * * LOW HITPOINT WARNING * * *
The deep elf high priest is engulfed in blazing flames.
The deep elf zephyrmancer gestures at you while chanting.
The bolt of lightning hits the fire elemental!
The fire elemental resists.
The bolt of lightning hits the fire elemental!
The fire elemental resists.
The bolt of lightning hits you but does no damage.
You resist. You block the fire elemental's attack.
You hear a shout!
Things that are here:
a +0 dagger; a +0 longbow; a +2 leather armour of willpower The fire elemental completely misses you.
The deep elf high priest is engulfed in blazing flames.
The deep elf high priest calls down the wrath of its god upon you.
Something smites you!
* * * LOW HITPOINT WARNING * * *
The fire elemental completely misses you.
The fire elemental hits you. The fire elemental burns you!
You die...

.......##..###..#3#
......###.#....☼#2#
.#.#....[###...°°e#
..).^.....#.###§#e##
...[...###..##E.#°°#
).#..#..##..#..##○e#####.
.#.#..#..#..○.##○☼○......
##.##..#.....##EEEE#####.
#...##....#..#..@###
.[...##......#.[=)#
.|#|...##.#.#..[.<#
.)...##......#))).#
#...##....#..#....#
##.##..##.#####...+
#.#..# .#. ##..+ .#..# #.
.# ##.# ...# #. .# #.#


You could see a reaper (summoned), a deep elf high priest, a deep elf
pyromancer, a deep elf zephyrmancer (empowered) and 4 fire elementals.

Vanquished Creatures
  Vashnia (Snake:2)
  Rupert (D:13)
  Jorgrun (Elf:1)
  Mlioglotl (Shoals:3)
  Polyphemus (Shoals:3)
  A kraken (Shoals:4)
  A storm dragon (D:14)
  A fire giant (D:14)
  Aizul (Shoals:4)
  5 nagarajas (Snake:4)
  The ghost of mif the Severer, a journeyman MiBe of Trog (Snake:1)
  A frost giant (D:15)
  The ghost of denf the Severer, a journeyman MiFi of Okawaru (Snake:2)
  An orc warlord (Orc:2)
  An ettin (D:14)
  6 merfolk javelineers
  14 merfolk impalers
  3 fire dragons
  A yaktaur captain (D:14)
  8 vault guards (D:13)
  2 rakshasas
  4 salamander tyrants
  5 hydras
  A merfolk avatar (Shoals:2)
  2 alligator snapping turtles (Shoals:4)
  A catoblepas (Shoals:3)
  3 boulder beetles
  3 merfolk aquamancers
  4 centaur warriors
  An ogre mage (D:15)
  11 anacondas
  10 dancing weapons
  6 two-headed ogres
  2 satyrs (Shoals:4)
  23 naga warriors
  2 death yaks (Shoals:3)
  14 naga sharpshooters
  4 orc high priests (Orc:2)
  4 occultists (D:12)
  7 shock serpents
  A hell knight (D:15)
  A sun demon (D:15)
  16 salamander mystics
  4 skysharks
  6 skeletal warriors
  6 deep elf knights
  A fire crab (D:14)
  6 sea snakes
  5 mana vipers
  7 deep elf archers (Elf:1)
  A sea snake (shapeshifter) (D:15)
  8 arcanists
  6 naga ritualists
  3 orc knights (Orc:2)
  12 harpies
  2 lindwurms (Lair:5)
  14 deep elf pyromancers
  16 manticores
  10 deep elf zephyrmancers
  7 orc sorcerers
  16 ugly things
  10 fauns
  The ghost of TheBloodborn the Insei, a novice OpSh of Gozag (D:6)
  9 cyclopes
  25 salamanders
  4 kobold blastminers
  5 water nymphs
  21 black mambas
  12 elephants
  4 rust devils (D:15)
  Joseph (D:7)
  8 merfolk sirens
  8 torpor snails
  6 gargoyles
  17 naga magi
  3 guardian serpents
  Maggie (D:7)
  15 cane toads
  Jeremiah (D:7)
  An unseen horror (D:10)
  4 rime drakes
  5 yaktaurs
  3 freezing wraiths
  4 kobold demonologists (D:12)
  2 efreet
  7 komodo dragons
  3 tengu conjurers (D:12)
  A queen bee (D:6)
  4 trolls
  3 tyrant leeches (Lair:5)
  10 wind drakes
  3 polar bears
  41 merfolk
  A raiju (shapeshifter) (D:15)
  21 hornets
  4 blink frogs (Lair:3)
  6 dream sheep
  9 snapping turtles
  3 raiju (D:15)
  Sigmund (D:4)
  A culicivora (shapeshifter) (D:14)
  3 air elementals
  A spriggan (shapeshifter) (D:13)
  3 shadows
  9 water elementals
  2 yaks (shapeshifter)
  A vampire (D:14)
  2 wyverns
  2 basilisks
  75 yaks
  2 basilisks (shapeshifter)
  5 fire elementals
  3 steam dragons
  5 wraiths
  Eustachio (D:4)
  6 vampire mosquitoes
  A warg (Orc:2)
  Menkaure (D:7)
  An acid dragon (D:12)
  45 nagas
  11 water moccasins
  35 orc warriors
  4 meliai simulacra (D:15)
  2 black bears
  An ice beast (D:3)
  3 laughing skulls
  7 centaurs
  A sky beast (D:7)
  9 wolves
  A boggart (D:15)
  3 ogres
  2 kobold brigands (D:12)
  8 bullfrogs
  A gnoll sergeant (D:10)
  7 scorpions
  3 wights (D:8)
  22 killer bees
  An electric eel (D:7)
  5 howler monkeys
  A lava snake (D:14)
  3 bombardier beetles
  2 hounds
  26 orc priests
  2 gnoll boudas
  Jessica (D:3)
  2 iguanas
  4 sleepcaps
  25 orc wizards
  Ijyb (D:4)
  Robin (D:3)
  3 adders
  27 gnolls
  A shadow imp (D:6)
  A white imp (D:7)
  6 ufetubi
  4 dart slugs
  2 ribbon worms
  83 orcs
  7 bats
  8 endoplasms
  5 giant cockroaches
  16 goblins
  5 hobgoblins
  12 kobolds
  6 quokkas
  8 ball pythons
  2 frilled lizards
  6 rats
1160 creatures vanquished.

Vanquished Creatures (collateral kills)
  A white imp (D:7)
1 creature vanquished.

Vanquished Creatures (others)
  A deep elf zephyrmancer (Elf:1)
  A manticore (Shoals:3)
  An acid dragon (D:11)
  A naga (Snake:3)
  A centaur (D:7)
  A scorpion (D:7)
  A howler monkey (D:7)
  An orc wizard (Orc:2)
  A kobold (D:12)
  6 tentacles (Shoals:4)
15 creatures vanquished.

Grand Total: 1176 creatures vanquished

Notes
Turn   | Place    | Note
-------+----------+-------------------------------------------
     0 | D:1      | rikstar the Gargoyle Fighter began the quest for the Orb.
     0 | D:1      | Reached XP level 1. HP: 14/14 MP: 1/1
   226 | D:1      | Reached XP level 2. HP: 19/19 MP: 2/2
   527 | D:1      | Reached XP level 3. HP: 23/23 MP: 3/3
  1509 | D:3      | Noticed an ice beast
  1648 | D:3      | Reached XP level 4. HP: 28/28 MP: 4/4
  1665 | D:3      | Noticed Robin
  1699 | D:3      | Killed Robin
  1908 | D:3      | Reached skill level 5 in Maces & Flails
  1908 | D:3      | Reached XP level 5. HP: 31/32 MP: 5/5
  2186 | D:3      | Killed an ice beast
  2187 | D:3      | Reached XP level 6. HP: 13/37 MP: 6/6
  2504 | D:3      | Found a faded altar of an unknown god.
  2638 | D:3      | Noticed Jessica
  2656 | D:3      | Killed Jessica
  3184 | D:4      | Noticed Sigmund
  3185 | D:4      | Noticed Eustachio
  3206 | D:4      | Killed Eustachio
  3207 | D:4      | Reached XP level 7. HP: 23/41 MP: 7/7
  3210 | D:4      | Killed Sigmund
  3640 | D:4      | Noticed Ijyb
  3647 | D:4      | Killed Ijyb
  3714 | D:4      | Found a hazy altar of Hepliaklqana.
  3919 | D:4      | Reached XP level 8. HP: 46/46 MP: 8/8
  4314 | D:5      | Entered Level 5 of the Dungeon
  4694 | D:5      | Reached skill level 10 in Maces & Flails
  5102 | D:5      | Found a staircase to the Ecumenical Temple.
  5111 | Temple   | Found a transporter.
  5111 | Temple   | Found a transporter.
  5111 | Temple   | Found a transporter.
  5111 | Temple   | Found a transporter.
  5111 | Temple   | Entered the Ecumenical Temple
  5126 | Temple   | Became a worshipper of Cheibriados the Contemplative
  6223 | D:6      | Reached XP level 9. HP: 51/51 MP: 9/9
  6484 | D:6      | Noticed a queen bee
  6484 | D:6      | Noticed TheBloodborn's ghost (novice OpSh)
  6486 | D:6      | Found a transporter.
  6490 | D:6      | Found a transporter.
  6492 | D:6      | Noticed a hornet
  6672 | D:7      | Noticed Maggie
  6687 | D:7      | Killed Maggie
  6793 | D:7      | Noticed Joseph
  6811 | D:7      | HP: 2/51 [Joseph/+2 spectral quarterstaff (10)]
  6812 | D:7      | Killed Joseph
  7018 | D:7      | Noticed Jeremiah
  7041 | D:7      | Reached * piety under Cheibriados
  7404 | D:7      | Killed Jeremiah
  7553 | D:7      | Reached XP level 10. HP: 16/56 MP: 3/10
  8043 | D:7      | Noticed Menkaure
  8057 | D:7      | Killed Menkaure
  8142 | D:7      | Reached ** piety under Cheibriados
  8197 | D:7      | Found a shimmering blue altar of Sif Muna.
  9360 | D:8      | Reached *** piety under Cheibriados
 10002 | D:8      | Reached skill level 15 in Maces & Flails
 10119 | D:9      | Found a staircase to the Orcish Mines.
 10311 | D:9      | Found a sacrificial altar of Ru.
 10716 | D:9      | Noticed a two-headed ogre
 10718 | D:9      | Killed a two-headed ogre
 10837 | D:9      | Found Ysesmeg's Magic Scroll Boutique.
 10845 | D:9      | Bought a scroll of identify for 26 gold pieces
 10845 | D:9      | Bought a scroll of teleportation for 39 gold pieces
 10845 | D:9      | Bought a scroll of revelation for 97 gold pieces
 10845 | D:9      | Bought a scroll of identify for 26 gold pieces
 10845 | D:9      | Bought a scroll of blinking for 97 gold pieces
 10845 | D:9      | Bought a scroll of identify for 26 gold pieces
 10845 | D:9      | Bought a scroll of teleportation for 39 gold pieces
 10845 | D:9      | Bought a scroll of enchant armour for 97 gold pieces
 10913 | D:9      | Reached skill level 4 in Fighting
 10913 | D:9      | Reached XP level 11. HP: 56/62 MP: 11/11
 10945 | D:9      | Noticed a skeletal warrior
 10963 | D:9      | Killed a skeletal warrior
 10964 | D:9      | Reached skill level 5 in Fighting
 10969 | D:9      | Reached skill level 6 in Fighting
 11259 | D:10     | Entered Level 10 of the Dungeon
 11262 | D:10     | Noticed a two-headed ogre
 11272 | D:10     | Killed a two-headed ogre
 11365 | D:10     | Found Opythofe's Antique Weapon Boutique.
 11404 | D:10     | Reached skill level 7 in Fighting
 11585 | D:10     | Identified the +0 ring mail "Deuc" {rElec Will+}
 11722 | D:10     | Reached **** piety under Cheibriados
 11736 | D:10     | Reached skill level 8 in Fighting
 12418 | D:11     | Reached skill level 9 in Fighting
 12907 | D:11     | Identified the +0 robe of the Evil One {Will++ Str-2}
 12980 | D:11     | Found a staircase to the Lair.
 13004 | D:11     | Reached skill level 10 in Fighting
 13169 | Lair:1   | Entered Level 1 of the Lair of Beasts
 13478 | Lair:1   | Reached ***** piety under Cheibriados
 13584 | Lair:1   | Reached skill level 11 in Fighting
 13602 | Lair:1   | Reached XP level 12. HP: 61/80 MP: 9/12
 13769 | Lair:1   | Reached skill level 12 in Fighting
 13810 | Lair:1   | Reached skill level 1 in Dodging
 14580 | Lair:1   | Reached skill level 1 in Invocations
 14790 | Lair:2   | Noticed a boulder beetle
 14805 | Lair:2   | Killed a boulder beetle
 14806 | Lair:2   | Reached skill level 5 in Invocations
 15274 | Lair:2   | Found a staircase to the Shoals.
 15280 | Lair:2   | Reached XP level 13. HP: 70/86 MP: 14/19
 15285 | Lair:2   | Reached ****** piety under Cheibriados
 15602 | Lair:2   | Reached skill level 10 in Invocations
 16202 | Lair:3   | Identified the +2 ring mail of Gozag's Generosity {Fly
                  | Str-3 Int+6}
 16223 | Lair:3   | Found a staircase to the Snake Pit.
 18721 | Lair:4   | Gained mutation: Your large and strong wings let you fly.
                  | [Gargoyle growth]
 18721 | Lair:4   | Reached XP level 14. HP: 92/92 MP: 24/24
 18994 | Lair:5   | Entered Level 5 of the Lair of Beasts
 19068 | Lair:5   | Reached skill level 5 in Armour
 19157 | Lair:5   | Reached skill level 5 in Shields
 19423 | Lair:5   | Found a staircase to the Slime Pits.
 19423 | Lair:5   | Found a viscous altar of Jiyva.
 20715 | Lair:5   | Identified a scroll of acquirement
 20867 | Orc:1    | Entered Level 1 of the Orcish Mines
 21961 | Orc:2    | Entered Level 2 of the Orcish Mines
 22238 | Orc:2    | Found a staircase to the Elven Halls.
 22391 | Orc:1    | Paralysed by an orc sorcerer for 2 turns
 23724 | Orc:2    | Reached skill level 13 in Fighting
 23811 | Orc:2    | Noticed an orc warlord
 23840 | Orc:2    | Killed an orc warlord
 23916 | Orc:2    | Reached skill level 14 in Fighting
 24276 | Orc:2    | Reached XP level 15. HP: 82/100 MP: 20/25
 24396 | Orc:2    | Found Kyossufa's General Store.
 24397 | Orc:2    | Found Mawk's Book Boutique.
 24399 | Orc:2    | Found Hiqaq's Antique Armour Shop.
 24399 | Orc:2    | Found Tuhyv's Antique Weapon Shop.
 24833 | D:12     | Found Nuipruru's Antique Weapon Shoppe.
 25119 | D:12     | Found Saafauta's Weapon Shop.
 25529 | D:12     | Reached skill level 15 in Fighting
 25619 | D:12     | Identified the +10 hand axe "Cuic" {spect, rC- Int+5}
 25703 | D:12     | Found Mif Fanu's Antique Weapon Shop.
 25710 | D:12     | Found Belafon's Magic Scroll Boutique.
 25717 | D:12     | Bought a scroll of identify for 30 gold pieces
 25717 | D:12     | Bought a scroll of identify for 30 gold pieces
 25717 | D:12     | Bought a scroll of noise for 15 gold pieces
 25717 | D:12     | Bought a scroll of teleportation for 45 gold pieces
 26381 | D:12     | Found a shadowy altar of Dithmenos.
 26686 | D:13     | Found the +10 morningstar "Eos" {elec, Halo rElec}
 26799 | D:13     | Noticed Rupert
 26810 | D:13     | Killed Rupert
 26811 | D:13     | Reached skill level 16 in Fighting
 27067 | D:13     | Found a gate to the Vaults.
 27088 | D:13     | Reached skill level 5 in Dodging
 27758 | D:13     | Acquired 679 gold pieces
 27760 | D:13     | Acquired 1185 gold pieces
 27943 | D:14     | Found a burning altar of Makhleb.
 28233 | D:14     | Reached XP level 16. HP: 110/110 MP: 26/26
 28799 | D:14     | Noticed a storm dragon
 28811 | D:14     | Killed a storm dragon
 29277 | D:15     | Entered Level 15 of the Dungeon
 29435 | D:15     | Reached skill level 10 in Armour
 30470 | D:15     | Reached skill level 10 in Shields
 30485 | D:15     | Found a staircase to the Depths.
 31241 | D:15     | Got the Vademecum on the Gargoyle
 31410 | D:15     | Paralysed by an air elemental for 1 turns
 31856 | Orc:2    | Bought a potion of attraction for 42 gold pieces
 31856 | Orc:2    | Bought a scroll of poison for 56 gold pieces
 31856 | Orc:2    | Bought a potion of attraction for 42 gold pieces
 31856 | Orc:2    | Bought a scroll of summoning for 133 gold pieces
 31875 | Orc:2    | Bought a glowing plate armour for 702 gold pieces
 32094 | Snake:1  | Entered Level 1 of the Snake Pit
 33108 | Snake:1  | Reached XP level 17. HP: 100/115 MP: 23/27
 33603 | Snake:1  | Found a runed translucent door.
 33603 | Snake:1  | Noticed mif's ghost (journeyman MiBe)
 34210 | D:6      | Killed TheBloodborn's ghost
 34467 | Snake:1  | Killed mif's ghost
 34468 | Snake:1  | Reached skill level 17 in Fighting
 34631 | Snake:2  | Noticed Vashnia
 35138 | Snake:2  | Killed Vashnia
 35389 | Snake:2  | Identified the ring "Zexungup" {rElec rC+ Will+ Stlth-}
 35489 | Snake:2  | Reached skill level 18 in Fighting
 35867 | Snake:2  | Found a runed translucent door.
 35870 | Snake:2  | Noticed denf's ghost (journeyman MiFi)
 36526 | Snake:2  | Killed denf's ghost
 37228 | Snake:3  | Reached skill level 19 in Fighting
 38153 | Snake:4  | Entered Level 4 of the Snake Pit
 39205 | Snake:4  | Reached skill level 20 in Fighting
 39361 | Snake:4  | Reached XP level 18. HP: 129/129 MP: 28/28
 40195 | Snake:4  | Reached skill level 10 in Dodging
 41985 | Snake:4  | Got a serpentine rune of Zot
 42262 | Shoals:1 | Entered Level 1 of the Shoals
 44545 | Shoals:2 | Identified the ring "Befuas" {Int+6 Dex+2}
 45323 | Shoals:3 | Found a flickering gateway to a bazaar.
 45334 | Bazaar   | Entered a bazaar
 45334 | Bazaar   | Found Ziaw Ume's General Store.
 45338 | Bazaar   | Found Toamet's Weapon Boutique.
 45345 | Bazaar   | Found Xuidukh's Armour Emporium.
 45382 | Bazaar   | Bought a wand of flame (2) for 18 gold pieces
 45382 | Bazaar   | Bought a scroll of fear for 52 gold pieces
 45397 | Bazaar   | Found Ontomoxt's Antique Weapon Boutique.
 45433 | Bazaar   | Found Mutauj's Antique Weapon Emporium.
 45575 | Shoals:3 | Noticed Polyphemus
 45597 | Shoals:3 | Killed Polyphemus
 45619 | Shoals:3 | Reached XP level 19. HP: 118/135 MP: 29/29
 46343 | Shoals:3 | Noticed Mlioglotl
 46363 | Shoals:3 | Killed Mlioglotl
 46776 | Shoals:4 | Entered Level 4 of the Shoals
 47365 | Shoals:4 | Identified the serpent talisman of the Volcano {*Corrode
                  | Int+2 Slay+3}
 47365 | Shoals:4 | Noticed Aizul
 47370 | Shoals:4 | Killed Aizul
 47463 | Shoals:4 | Reached skill level 15 in Armour
 48867 | Shoals:4 | Got a barnacled rune of Zot
 49470 | Elf:1    | Entered Level 1 of the Elven Halls
 49542 | Elf:1    | Paralysed by an air elemental for 1 turns
 49605 | Elf:1    | Paralysed by an air elemental for 1 turns
 50008 | Elf:1    | Paralysed by an air elemental for 1 turns
 50023 | Orc:2    | Paralysed by an air elemental for 1 turns
 50168 | Elf:1    | Identified the +5 flail of Anac {freeze, Int+2}
 50575 | Elf:1    | Noticed Jorgrun
 50583 | Elf:1    | Killed Jorgrun
 50653 | Elf:1    | Identified the +6 flail of Valiance {spect, rC+}
 50677 | Elf:1    | Noticed a Hell Sentinel
 50703 | Elf:1    | HP: 2/135 [deep elf high priest/divine providence (8)]
 50703 | Elf:1    | Mangled by a fire elemental

Illustrated notes

Levels and vault maps discovered:
D:1:      mainiacjoe_arrival_reflecting_pool, layout_basic, minmay_tromino_v7
D:2:      layout_basic, nicolae_twisty_statue_hallways
D:3:      layout_loops_ring, hellmonk_ecumenical_altar_inner_sanctum,
          roderic_lattice_a, kennysheep_jessica_study, uniq_robin
D:4:      layout_basic, nicolae_overflow_hidden_temple, uniq_eustachio,
          uniq_sigmund, uniq_ijyb
D:5:      layout_basic, minmay_temple_entry_sparse_star,
          minmay_misc_feat_nine_boxes, minivault_24
D:6:      layout_cave_pools, gammafunk_ghost_hive, kennysheep_boxes
D:7:      layout_basic, mainiacjoe_overflow_alcove_4, enter_ossuary_2,
          lightli_minifort, uniq_maggie, uniq_menkaure, uniq_joseph,
          uniq_jeremiah
D:8:      layout_gridville, grunt_decor_fettered
D:9:      minmay_cornered_nines, layout_long_grid, old_standard_altar,
          orc_0_dummy, serial_shops,
          nicolae_shop_temple_entry_statues_fountains, grunt_ogre_cave,
          nrook_loot_triangle
D:10:     layout_gridville, serial_shops, shop
D:11:     layout_roguey, david_lair_generic
D:12:     minmay_tri_stars, layout_loops_corners, serial_shops, shop,
          nicolae_lakefront_shop, shop, shop, grunt_dithmenos_shadows
D:13:     layout_roguey, erik_vaults_2, lightli_corner_chamber, uniq_rupert
D:14:     nzn_winding_woodlands_large [nzn_winding_woodlands_5x5_three,
          nzn_winding_woodlands_5x15_sawtooth, nzn_winding_woodlands_hourglass,
          nzn_winding_woodlands_center_diamonds,
          nzn_winding_woodlands_15x15_boxy_spiral,
          nzn_winding_woodlands_center_triple_pond,
          nzn_winding_woodlands_5x5_open_star, nzn_winding_woodlands_5x15_twine,
          nzn_winding_woodlands_5x5_cross], layout_basic, old_standard_altar
D:15:     hangedman_crystal_crosses_colossus [crystal_crosses_arms_four,
          crystal_crosses_arms_four, crystal_crosses_arms_one]
Temple:   hellmonk_temple_divided_pantheon
Lair:1:   layout_chaotic_city, dreamdust_wasp_nest, serial_bayou_shore_b
Lair:2:   beargit_carnivore_pack, layout_gridlike, nicolae_shoals_entry_roost,
          grunt_megastairs_4, lemuel_fruit_tree
Lair:3:   layout_cave_pods, nicolae_snake_entry_squirm
Lair:4:   layout_cave_pods, patterned_corridor, infiniplex_staircase_pool_2
Lair:5:   wormcave, layout_loops_ring, slime_entry_1,
          chequers_serial_rivers_micro_e, minivault_26, serial_bayou_shore_b
Shoals:1: layout_shoals
Shoals:2: layout_shoals
Shoals:3: layout_shoals, serial_shops, freezing_bzr,
          nicolae_shoals_hunting_party, uniq_mlioglotl, uniq_polyphemus
Shoals:4: shoals_end_simple, layout_shoals, uniq_aizul
Snake:1:  layout_layer_cave, gammafunk_ghost_grave, drop_trap,
          nicolae_snake_salamander_fort, grunt_megastairs_5
Snake:2:  layout_concentric_octagons, ebering_ghost_inner_flame, uniq_vashnia
Snake:3:  layout_chambers, drop_trap
Snake:4:  johnstein_snake_rune_scales, layout_cave_town,
          nicolae_snake_round_shape_thing
Orc:1:    layout_caves
Orc:2:    st_orc_congregation, layout_caves
Elf:1:    minmay_the_grid_octo_tiled_octocenter_mashed
          [minmay_the_grid_octo_toaster, minmay_the_grid_octo_clover_2,
          minmay_the_grid_octo_fat_diamond, minmay_the_grid_octo_pinwheel,
          minmay_the_grid_octo_prize_star, minmay_the_grid_square_5x5_c,
          minmay_the_grid_square_5x5_z, minmay_the_grid_square_5x5_two_walls_b,
          minmay_the_grid_square_5x5_moneybag], layout_gridlike,
          minmay_elf_annihilation, uniq_jorgrun

Skill      XL: |  1  2  3  4  5  6  7  8  9 10 11 12 13 14 15 16 17 18 19 |
---------------+----------------------------------------------------------+-----
Maces & Flails | 3 4 5 6 7 9 11 13 16 17 | 17.8
Fighting       | 4 11 12 14 16 20 | 20.0
Dodging        | 4 8 12 | 12.0
Armour         | 4 8 12 13 16 | 16.0
Shields        | 4 8 12 | 12.0
Invocations    | 8 14 | 14.0

Action                     |  1- 3 |  4- 6 |  7- 9 | 10-12 | 13-15 | 16-18 | 19-21 || total
---------------------------+-------+-------+-------+-------+-------+-------+-------++-------
  Melee: Flail             |   133 |   167 |   122 |       |       |       |       ||   422
         Morningstar       |       |       |   267 |   749 |  1230 |  1219 |   513 ||  3978
         Scimitar          |       |       |       |       |    24 |       |       ||    24
  Throw: Dart              |       |       |    11 |     7 |     7 |     4 |       ||    29
         Throwing net      |       |       |     2 |     2 |       |       |       ||     4
         Boomerang         |       |       |       |       |     4 |       |       ||     4
 Invoke: Bend Time         |       |       |       |     2 |    13 |    10 |     5 ||    30
         Slouch            |       |       |       |       |     6 |       |     2 ||     8
         Temporal Distorti |       |       |       |       |     6 |     1 |     2 ||     9
         Step From Time    |       |       |       |       |       |       |     1 ||     1
  Evoke: Wand              |       |       |     9 |     1 |       |       |       ||    10
    Use: Potion            |       |     1 |       |     5 |     2 |     1 |     2 ||    11
         Scroll            |       |       |     3 |    12 |    10 |     6 |     3 ||    34
   Stab: Held in net/web   |       |       |       |     3 |       |       |       ||     3
 Armour: Plate armour      |   124 |   125 |   301 |   692 |   890 |   636 |   334 ||  3102
         Ring mail         |       |       |       |       |     9 |       |       ||     9
         Skin              |       |       |       |       |     5 |       |       ||     5
  Dodge: Dodged            |    35 |    49 |    88 |   272 |   573 |   568 |   342 ||  1927
         Repelled          |       |       |       |       |       |    33 |    18 ||    51
  Block: Buckler           |    28 |    24 |    68 |   213 |   407 |       |       ||   740
         Kite shield       |       |       |       |       |    78 |   215 |       ||   293
         Tower shield      |       |       |       |       |       |  1461 |   834 ||  2295
